 Dungeon Crawl Stone Soup version 0.19.1-1-g22dce08 (webtiles) character file.

75 dvd the Shooter (level 4, 0/35 HPs)
             Began as a Centaur Arcane Marksman on Dec 30, 2016.
             Slain by Robin
             ... wielding a +3 vampiric spear
              (10 damage)
             ... on level 2 of the Dungeon.
             The game lasted 00:06:45 (1812 turns).

dvd the Shooter (Centaur Arcane Marksman)           Turns: 1812, Time: 00:06:46

Health: 0/35       AC:  4    Str: 13    XL:     4   Next: 11%
Magic:  0/5        EV: 10    Int: 13    God:
Gold:   10         SH:  0    Dex:  9    Spells: 2 memorised, 2 levels left

rFire  . . .     SeeInvis .     j - +0 mace
rCold  . . .     Gourm    .     e - +0 robe
rNeg   . . .     Faith    .     (no shield)
rPois  .         Spirit   .     (no helmet)
rElec  .         Reflect  .     (no cloak)
rCorr  .         Harm     .     (no gloves)
MR     .....                    (no barding)
Stlth  +.........               (no amulet)
                                (no ring)
                                (no ring)

@: very slightly contaminated, very quick
A: hooves 3, deformed body, speed 2, tough skin 3
a: no special abilities


You were on level 2 of the Dungeon.
You were not hungry.

You visited 1 branch of the dungeon, and saw 2 of its levels.

You collected 10 gold pieces.

Inventory:

Hand Weapons
 a - a +0 shortbow
 b - a +0 dagger
 j - a +0 mace (weapon)
Missiles
 d - 8 arrows
Armour
 e - a +0 robe (worn)
Scrolls
 g - a scroll of enchant armour {unknown}
 k - a scroll of fear {unknown}
 m - a scroll of amnesia {unknown}
Potions
 h - a potion of heal wounds {unknown}
 i - a potion of berserk rage {unknown}
Books
 c - a book of Debilitation

   Spells                             Type                      Level
   a - Corona                         Hexes                        1
   b - Slow                           Hexes                        2
   c - Gell's Gravitas                Hexes/Translocation          3
   d - Inner Flame                    Hexes/Fire                   3
   e - Cause Fear                     Hexes                        4
   f - Leda's Liquefaction            Hexes/Earth                  4
Comestibles
 f - 2 bread rations


   Skills:
 + Level 1.2 Fighting
 + Level 0.5 Short Blades
 + Level 0.5 Maces & Flails
 + Level 4.0 Bows
 + Level 1.7 Dodging
 + Level 1.2 Spellcasting
 + Level 3.2 Hexes


You had 2 spell levels left.
You knew the following spells:

 Your Spells              Type           Power        Failure   Level  Hunger
a - Corona                Hex            #......      10%         1    ##.....
b - Slow                  Hex            #.......     12%         2    ###....


Dungeon Overview and Level Annotations

Branches:
Dungeon (2/15)

Altars:
Ashenzari

Annotations:
D:2 Robin


Innate Abilities, Weirdness & Mutations

You have hooves in place of feet.
Armour fits poorly on your strangely shaped body.
You cover ground very quickly.
You have extremely tough skin. (AC +3)


Message History

Casting: Corona
Confirm with . or Enter, or press ? or * to list all spells.
Aiming: Slow
Press: ? - help, Shift-Dir - straight line, f - Robin
Aim: Robin, wielding a vampiric spear, wearing an animal skin and wearing a shiny helmet (lightly wounded, chance to defeat MR: 52%) Robin resists with significant effort.
The goblin hits you with a dagger.
Unknown command.
Okay, then.
Unknown command.
You hit Robin but do no damage. Your kick misses Robin.
Robin is lightly wounded.
Robin barely misses you. The goblin hits you with a dagger.
* * * LOW HITPOINT WARNING * * *
Robin hits you with a vampiric spear.
* * * LOW HITPOINT WARNING * * *
All of the chunks of flesh in your inventory have rotted away.
You sock Robin!
Robin is heavily wounded.
The goblin closely misses you. Robin hits you with a vampiric spear!
You die...

#######...
########.).....# ##
######...g@gg.#.....g.
.#
##......########.......
.## ##..)##...##
.......
..###..........##
....g.g
#...............#
.......
##......######..#
....... .......## ##.#
.....g. ##.##..# ###
#..##.#


You could see Robin, a hobgoblin and a goblin.

Vanquished Creatures
  An ooze (D:1)
  A worm (D:2)
  2 dart slugs (D:1)
  4 leopard geckos (D:1)
  3 giant cockroaches (D:1)
  9 goblins
  7 hobgoblins
  9 jackals (D:1)
  6 bats (D:1)
  6 kobolds (D:1)
  3 rats (D:1)
51 creatures vanquished.

Notes
Turn   | Place    | Note
-------+----------+-------------------------------------------
     0 | D:1      | dvd the Centaur Arcane Marksman began the quest for the Orb.
     0 | D:1      | Reached XP level 1. HP: 16/16 MP: 2/2
    29 | D:1      | Found a shattered altar of Ashenzari.
    60 | D:1      | Reached skill level 3 in Bows
    72 | D:1      | Reached XP level 2. HP: 22/23 MP: 0/3
   381 | D:1      | Learned a level 2 spell: Slow
   633 | D:1      | Reached XP level 3. HP: 10/28 MP: 0/4
   966 | D:1      | Reached skill level 4 in Bows
  1537 | D:2      | Noticed Robin
  1566 | D:2      | Reached XP level 4. HP: 14/35 MP: 5/5
  1812 | D:2      | Slain by Robin

Skill      XL: |  1  2  3 |
---------------+----------+-----
Bows           | 3 4 |  4.0
Hexes          | 3 |  3.2
Fighting       | |  1.2
Short Blades   | |  0.5
Maces & Flails | |  0.5
Dodging        | |  1.7
Spellcasting   | |  1.2

Action                   |  1- 3 |  4- 6 || total
-------------------------+-------+-------++-------
Melee: Dagger            |    23 |       ||    23
       Mace              |   101 |    12 ||   113
       Kick              |    13 |     1 ||    14
       Shortbow          |     1 |       ||     1
 Fire: Shortbow          |    67 |       ||    67
 Cast: Corona            |    22 |     4 ||    26
       Slow              |     6 |     1 ||     7
  Eat: Chunk             |     3 |     1 ||     4
Armor: Robe              |    93 |     4 ||    97
Dodge: Dodged            |   107 |    15 ||   122
